 Dungeon Crawl Stone Soup version 0.24.0-1-gfbc8707122 (webtiles) character file.

Game seed: 15942816929286393378, levelgen mode: deterministic

210 Esekla the Magician (level 5, 0/31 HPs)
             Began as a Vampire Venom Mage on Oct 28, 2019.
             Slain by a phantom (8 damage)
             ... on level 4 of the Dungeon.
             The game lasted 00:33:36 (3338 turns).

Esekla the Magician (Vampire Venom Mage)            Turns: 3338, Time: 00:33:36

Health: 0/31       AC:  8    Str:  7    XL:     5   Next: 56%
Magic:  10/10      EV: 12    Int: 18    God:
Gold:   151        SH:  5    Dex: 15    Spells: 5/11 levels left

rFire    . . .     SeeInvis +   o - +3 dagger
rCold    . . .     Gourm    .   j - +2 buckler {AC+3}
rNeg     . . .     Faith    .   a - +0 robe
rPois    +         Spirit   .   (no helmet)
rElec    .         Reflect  .   (no cloak)
rCorr    .         Harm     .   (no gloves)
MR       .....                  k - +2 pair of boots {Fly}
Stlth    ++........             (no amulet)
HPRegen  0.30/turn              q - ring of poison resistance
MPRegen  0.12/turn              (no ring)

@: flying, regenerating quickly
A: no food, fangs 3, see invisible, [frail 1], unbreathing
a: Exsanguinate, Stop Flying


You were on level 4 of the Dungeon.
You were alive.

You visited 2 branches of the dungeon, and saw 5 of its levels.

You collected 151 gold pieces.

Inventory:

Hand Weapons
 g - a +0 hand axe
 o - a +3 dagger (weapon)
Missiles
 f - 18 poisoned darts (quivered)
Armour
 a - a +0 robe (worn)
 j - a +2 buckler of protection (worn)
 k - a +2 pair of boots of flying (worn)
 n - a +0 helmet
Jewellery
 e - an uncursed amulet of faith
 q - a ring of poison resistance (left hand)
Scrolls
 b - a scroll of identify {unknown}
 c - a scroll of amnesia {unknown}
 h - a scroll of fear {unknown}
 i - a scroll of enchant weapon {unknown}
 l - a scroll of remove curse {unknown}
 m - a scroll of teleportation {unknown}
Potions
 d - a potion of invisibility {unknown}
 p - 2 potions of curing {unknown}


   Skills:
 + Level 2.4 Dodging
 + Level 3.2 Stealth
 * Level 0.1 Shields
 + Level 3.7 Spellcasting
 * Level 1.2 Conjurations
 * Level 2.6 Air Magic
 + Level 3.4 Poison Magic


You had 5 spell levels left.
You knew the following spells:

 Your Spells              Type           Power        Failure   Level  Hunger
a - Sting                 Conj/Pois      ##..         10%         1    N/A
c - Mephitic Cloud        Conj/Pois/Air  ##......     26%         3    N/A
v - Poisonous Vapours     Pois/Air       ##....       11%         2    N/A

Your spell library contained the following spells:

 Spells                   Type           Power        Failure   Level  Hunger
 Olgreb's Toxic Radiance  Pois           ###.....     52%         4    N/A
 Venom Bolt               Conj/Pois      ##........   95%         5    N/A

Dungeon Overview and Level Annotations

Branches:
Dungeon (4/15)             Temple (1/1) D:4

Altars:
Elyvilon
Gozag
Hepliaklqana
Kikubaaqudgha
Makhleb
Nemelex Xobeh
Okawaru
Qazlal
Trog
Uskayaw
Xom
Yredelemnul
Zin
The Shining One

Annotations:
D:3 Terence


Innate Abilities, Weirdness & Mutations

You do not eat.
Your natural rate of healing is unusually fast.
You have razor-sharp teeth.
You have supernaturally acute eyesight. (SInv)
You can survive without breathing.
[You are frail. (-10% HP)]


Message History

You hit the phantom.
The phantom is heavily damaged.
The phantom hits you but does no damage.
You hit the phantom.
The phantom is heavily damaged.
The phantom hits you but does no damage.
Your shield prevents you from hitting the phantom.
The phantom is heavily damaged.
The phantom closely misses you.
You hit the phantom.
The phantom is severely damaged.
The phantom hits you but does no damage.
You closely miss the phantom.
The phantom is severely damaged.
The phantom hits you!
* * * LOW HITPOINT WARNING * * *
You barely miss the phantom.
The phantom is severely damaged.
The phantom hits you!
You die...

.#
###.#.#.########.###
#.#.#.# #.# #.#.#.#
#.# #.#.#.# #.#
#.#.#.# #.# #.#.#.#
###.# #.#.#.# #...#
#.#.#.# #.#.#
#.#@#.# #.#.#
###.#W#.# #.###
#.....#.######.#
#######........#
########.# ###


You could see a phantom.

Vanquished Creatures
  A hound (D:4)
  A worker ant (D:4)
  Robin (D:3)
  7 adders
  An ooze (D:1)
  A worm (D:2)
  A dart slug (D:1)
  2 leopard geckos (D:2)
  2 orcs (D:3)
  5 giant cockroaches
  2 gnoll zombies (D:4)
  8 hobgoblins
  3 jackals (D:1)
  A ball python (D:4)
  6 bats
  2 frilled lizards
  12 goblins
  7 kobolds
  8 rats
71 creatures vanquished.

Notes
Turn   | Place    | Note
-------+----------+-------------------------------------------
     0 | D:1      | Esekla the Vampire Venom Mage began the quest for the Orb.
     0 | D:1      | Reached XP level 1. HP: 13/13 MP: 3/3
   294 | D:1      | Reached XP level 2. HP: 15/19 MP: 0/5
   310 | D:1      | Learned a level 2 spell: Poisonous Vapours
   699 | D:2      | Reached XP level 3. HP: 19/19 MP: 0/6
  1106 | D:2      | Reached XP level 4. HP: 24/24 MP: 3/8
  1115 | D:2      | Learned a level 3 spell: Mephitic Cloud
  1589 | D:3      | Reached skill level 1 in Air Magic
  1592 | D:3      | Noticed Robin
  1790 | D:3      | Noticed Terence
  1923 | D:4      | Noticed a phantom
  1994 | D:4      | Reached XP level 5. HP: 20/28 MP: 0/10
  2120 | D:3      | Reached skill level 1 in Conjurations
  2341 | D:3      | Killed Robin
  2822 | D:4      | Found a stormy altar of Qazlal.
  2823 | D:4      | Noticed a water elemental
  2825 | D:4      | Noticed a fire elemental
  2825 | D:4      | Noticed an air elemental
  2872 | D:4      | Found a basalt altar of Yredelemnul.
  2886 | D:4      | Found a staircase to the Ecumenical Temple.
  2919 | Temple   | Entered the Ecumenical Temple
  3338 | D:4      | Slain by a phantom

Levels and vault maps discovered:
D:1:      dpeg_arrival_tiny_a, layout_rooms, interstate_on_off,
          minmay_misc_feat_hallway
D:2:      layout_rooms
D:3:      layout_rooms, kennysheep_generic_room_3, uniq_terence, uniq_robin
D:4:      layout_basic, old_standard_altar, lemuel_zombie_altar_yredelemnul,
          lemuel_crystal_altar, minmay_temple_entry_water_ring,
          nicolae_qazlal_style_of_elements
Temple:   nicolae_temple_figure_eight

Skill      XL: |  1  2  3  4  5 |
---------------+----------------+-----
Poison Magic   | 3 |  3.4
Spellcasting   | 3 |  3.7
Air Magic      | 2 |  2.6
Conjurations   | 1 |  1.2
Dodging        | |  2.4
Stealth        | |  3.2
Shields        | |  0.1

Action                   |  1- 3 |  4- 6 || total
-------------------------+-------+-------++-------
Melee: Hand axe          |    21 |    22 ||    43
       Unarmed           |     5 |       ||     5
       Bite              |     1 |     9 ||    10
       Dagger            |       |    54 ||    54
Throw: Dart              |    21 |       ||    21
 Cast: Sting             |    16 |       ||    16
       Poisonous Vapours |    22 |    48 ||    70
 Abil: Exsanguinate      |     1 |       ||     1
       Stop Flying       |       |     1 ||     1
       Revivify          |       |     1 ||     1
       Evoke Flight      |       |     1 ||     1
 Stab: Sleeping          |       |     8 ||     8
Armor: Robe              |    13 |    17 ||    30
Dodge: Dodged            |    22 |    56 ||    78
Block: Buckler           |       |     8 ||     8
